Map: Arctic Dream LE

Players

PerAspera - Winner!

  • Race: Protoss Protoss
  • Spawn Location: 11:00

TVOUMATIBAL - Winner!

  • Race: Protoss Protoss
  • League: Gold
  • Spawn Location: 12:00

Massa

  • Race: Terran Terran
  • League: Platinum
  • Spawn Location: 5:00

qqq

  • Race: Protoss Protoss
  • Spawn Location: 6:00

VOD

Have the link to the VOD?

Description

Time

  • Played on: Nov. 15, 2020, 8:47 a.m.
  • Length: 17:36
Show
View Real Time Build Order
Export as new Build Order

PerAspera Protoss - Winner!

Build Orders: Nexus First, Dark Templar Rush 

Get SALT Encoding   

  12  0:00  Probe  
  13  0:13  Probe  
  14  0:17  Pylon  
  14  0:25  Probe  
  15  0:37  Probe  
  16  0:58  Probe, Nexus  
  17  1:10  Assimilator  
  17  1:13  Probe  
  17  1:16  Gateway  
  18  1:26  Probe  
  18  1:30  Gateway  
  19  1:38  Probe  
  20  1:47  Assimilator  
  20  1:50  Probe  
  21  2:01  Assimilator  
  21  2:02  Probe  
  21  2:05  Cybernetics Core  
  22  2:13  Probe  
  22  2:14  Probe  
  24  2:17  Zealot  
  26  2:25  Probe  
  26  2:29  Warp Gate (Chrono Boost)  
  27  2:36  Zealot  
  29  2:41  Pylon  
  29  2:44  Probe x2  
  31  2:52  Twilight Council  
  32  3:05  Probe x2  
  33  3:25  Stalker x2 (Chrono Boost)  
  31  3:29  Charge (Chrono Boost)  
  31  3:34  Probe x2  
  37  3:42  Dark Shrine  
  37  3:58  Zealot x2  
  41  4:05  Gateway  
  41  4:08  Gateway  
  41  4:10  Gateway  
  41  4:22  Robotics Facility  
  41  4:23  Pylon  
  41  4:24  Pylon  
  41  4:25  Shield Battery  
  41  4:29  Pylon  
  41  4:49  Probe  
  42  4:58  Dark Templar x2  
  46  5:06  Warp Prism (Chrono Boost)  
  48  5:27  Probe  
  48  5:28  Probe  
  50  5:30  Nexus  
  46  5:57  Probe x2  
  44  6:08  Dark Templar x2  
  44  6:09  Dark Templar x3  
  52  6:30  Probe x2  
  46  6:44  Dark Templar  
  46  6:46  Probe x2  
  50  6:51  Pylon  
  50  6:53  Zealot, Pylon  
  50  6:54  Zealot x3  
  54  6:56  Pylon  
  50  7:17  Probe x2  
  50  7:18  Warp Prism  
  50  7:20  Dark Templar x2  
  56  7:23  Gateway x2  
  56  7:28  Gateway x2, Assimilator  
  56  7:29  Probe x2  
  59  7:30  Probe  
  59  7:31  Assimilator  
  59  7:36  Assimilator  
  59  7:41  Probe  
  59  7:42  Probe  
  61  8:08  Probe x3  
  64  8:17  Stargate  
  64  8:18  Stargate  
  64  8:20  Probe x2  
  64  8:24  Probe  
  67  8:32  Probe x2  
  69  8:36  Probe  
  69  8:40  Nexus  
  70  8:44  Probe, Assimilator  
  70  8:45  Immortal (Chrono Boost)  
  70  8:46  Archon  
  70  8:47  Zealot x3  
  70  8:48  Zealot x2, Assimilator  
  85  8:50  Pylon  
  85  8:52  Dark Templar x2  
  85  8:53  Pylon  
  89  9:00  Shield Battery  
  89  9:05  Probe, Pylon  
  89  9:07  Pylon  
  90  9:10  Pylon  
  90  9:11  Phoenix x2  
  94  9:21  Observer (Chrono Boost)  
  95  9:27  Forge  
  95  9:29  Forge  
  95  9:35  Observer  
  95  9:36  Phoenix  
  98  9:38  Forge  
  98  9:41  Cybernetics Core  
  100  9:45  Probe x2  
  100  9:50  Probe  
  101  9:55  Phoenix  
  101  9:57  Probe  
  101  9:59  Probe  
  105  10:02  Probe  
  105  10:04  Phoenix  
  107  10:09  Probe  
  107  10:11  Probe  
  107  10:14  Probe  
  110  10:19  Protoss Air Weapons Level 1 (Chrono Boost)  
  110  10:20  Phoenix  
  110  10:21  Protoss Shields Level 1 (Chrono Boost)  
  112  10:22  Probe, Protoss Ground Weapons Level 1 (Chrono Boost), Protoss Air Armor Level 1 (Chrono Boost)  
  112  10:23  Probe  
  112  10:26  Probe  
  115  10:29  Probe  
  115  10:34  Probe  
  118  10:35  Probe  
  118  10:38  Probe  
  118  10:41  Probe  
  120  10:45  Phoenix  
  120  10:46  Probe  
  120  10:47  Probe  
  124  10:50  Probe, Immortal  
  124  10:51  Nexus  
  124  10:54  Assimilator  
  124  10:56  Templar Archives  
  129  10:58  Probe  
  129  10:59  Probe  
  131  11:04  Photon Cannon  
  131  11:07  Phoenix  
  131  11:08  Photon Cannon  
  133  11:11  Stargate  
  133  11:13  Void Ray, Fleet Beacon  
  137  11:27  Void Ray  
  137  11:38  Dark Templar x2  
  137  11:39  Dark Templar x4  
  153  12:00  Psionic Storm  
  153  12:01  Probe x2  
  155  12:13  Shield Battery, Assimilator  
  155  12:16  Pylon  
  155  12:18  Pylon, Shield Battery  
  155  12:19  Immortal  
  155  12:20  Photon Cannon  
  155  12:22  Photon Cannon, Pylon  
  159  12:23  Gateway, High Templar x3  
  159  12:24  High Templar  
  159  12:25  Archon x2  
  159  12:27  Gateway  
  165  12:31  Gateway  
  165  12:34  Gateway  
  165  12:35  Photon Cannon  
  165  12:39  Photon Cannon  
  165  12:40  Anion Pulse-Crystals (Chrono Boost), Shield Battery  
  165  12:44  Phoenix  
  165  12:45  Phoenix x2  
  171  12:58  Protoss Ground Weapons Level 2 (Chrono Boost), Protoss Shields Level 2 (Chrono Boost)  
  171  13:06  Probe x2  
  171  13:09  Phoenix  
  175  13:20  Nexus  
  175  13:24  Assimilator  
  175  13:28  Assimilator  
  175  13:29  Protoss Air Weapons Level 2  
  175  13:37  Protoss Air Armor Level 2  
  151  14:05  Archon x4  
  151  14:07  Void Ray x3  
  151  14:09  Stalker x2  
  155  14:10  Stalker x6  
  155  14:11  Stalker  
  163  14:44  Void Ray x2  
  169  15:06  Stargate, Dark Templar x4  
  177  15:07  Dark Templar  
  177  15:08  Stargate  
  177  15:09  Zealot x2  
  177  15:10  Stargate, Zealot x2  
  177  15:12  Stargate  
  187  15:28  Void Ray x3  
  199  15:37  Probe  
  200  16:03  Pylon  
  200  16:04  Pylon  
  200  16:06  Pylon  
  200  16:08  Pylon  
  200  16:10  Pylon  
  200  16:13  Pylon  
  186  17:06  Dark Templar x4  
  186  17:07  Dark Templar x3  
  186  17:08  Zealot x2  
Show
View Real Time Build Order
Export as new Build Order

TVOUMATIBAL Protoss - Winner!

Build Orders: Cannon Rush, Carriers 

Get SALT Encoding   

  12  0:00  Probe  
  13  0:12  Probe  
  14  0:19  Pylon  
  14  0:25  Probe  
  15  0:37  Probe (Chrono Boost)  
  15  0:42  Forge  
  16  0:47  Probe (Chrono Boost)  
  17  0:54  Probe  
  18  1:08  Pylon  
  18  1:10  Pylon  
  18  1:16  Photon Cannon  
  18  1:30  Photon Cannon  
  18  1:37  Pylon  
  18  1:56  Photon Cannon  
  17  2:18  Photon Cannon  
  17  2:21  Gateway  
  17  2:27  Pylon  
  17  2:41  Nexus  
  17  2:46  Photon Cannon  
  17  2:55  Photon Cannon  
  17  3:00  Pylon  
  17  3:17  Pylon  
  17  3:20  Probe  
  17  3:24  Assimilator  
  17  3:45  Probe (Chrono Boost), Assimilator  
  18  3:55  Probe (Chrono Boost), Pylon, Cybernetics Core  
  19  3:58  Probe (Chrono Boost)  
  21  4:05  Probe (Chrono Boost)  
  21  4:08  Probe (Chrono Boost)  
  22  4:13  Probe (Chrono Boost)  
  23  4:21  Probe (Chrono Boost)  
  23  4:24  Probe (Chrono Boost)  
  25  4:31  Probe (Chrono Boost)  
  27  4:32  Probe (Chrono Boost)  
  27  4:33  Stargate  
  27  4:38  Pylon  
  27  4:42  Pylon  
  27  4:43  Probe (Chrono Boost)  
  28  4:52  Probe (Chrono Boost)  
  30  4:53  Probe (Chrono Boost)  
  30  4:59  Probe (Chrono Boost)  
  31  5:03  Probe (Chrono Boost)  
  31  5:06  Assimilator  
  32  5:08  Probe (Chrono Boost)  
  32  5:10  Assimilator  
  32  5:12  Probe (Chrono Boost)  
  32  5:13  Probe (Chrono Boost)  
  35  5:23  Fleet Beacon  
  35  5:25  Probe  
  36  5:30  Photon Cannon  
  36  5:40  Probe (Chrono Boost)  
  36  5:41  Probe (Chrono Boost)  
  40  5:51  Probe x2 (Chrono Boost)  
  40  5:55  Probe (Chrono Boost)  
  40  5:56  Probe (Chrono Boost), Stargate  
  40  5:59  Stargate  
  42  6:08  Protoss Shields Level 1  
  42  6:14  Probe (Chrono Boost)  
  43  6:24  Probe (Chrono Boost), Pylon  
  44  6:29  Probe (Chrono Boost)  
  45  6:40  Mothership (Chrono Boost)  
  53  6:57  Photon Cannon  
  53  6:59  Shield Battery  
  53  7:02  Shield Battery  
  53  7:05  Shield Battery  
  53  7:14  Photon Cannon  
  53  7:15  Tempest (Chrono Boost)  
  63  7:25  Tempest (Chrono Boost)  
  63  7:28  Shield Battery  
  63  7:41  Tempest  
  68  7:56  Nexus  
  68  7:59  Pylon  
  68  8:01  Pylon  
  68  8:04  Assimilator  
  66  8:08  Assimilator  
  66  8:11  Pylon  
  65  8:20  Probe  
  66  8:27  Carrier (Chrono Boost)  
  78  8:37  Carrier (Chrono Boost)  
  78  8:44  Protoss Air Weapons Level 1 (Chrono Boost)  
  78  8:52  Shield Battery  
  78  8:54  Shield Battery  
  78  8:57  Shield Battery  
  78  8:58  Stargate  
  78  8:59  Shield Battery, Pylon  
  78  9:01  Shield Battery  
  78  9:02  Tempest  
  78  9:05  Pylon  
  78  9:08  Probe (Chrono Boost)  
  78  9:09  Probe (Chrono Boost)  
  86  9:13  Probe (Chrono Boost)  
  87  9:18  Probe x2 (Chrono Boost)  
  87  9:22  Probe (Chrono Boost)  
  87  9:23  Probe x2 (Chrono Boost)  
  89  9:28  Carrier  
  97  9:32  Probe  
  97  9:34  Probe  
  101  9:47  Probe (Chrono Boost)  
  101  9:50  Probe x2 (Chrono Boost)  
  102  9:59  Probe x2 (Chrono Boost)  
  104  10:05  Void Ray  
  104  10:06  Void Ray (Chrono Boost)  
  104  10:12  Nexus  
  112  10:14  Pylon  
  112  10:17  Pylon  
  112  10:19  Assimilator  
  112  10:23  Probe x3  
  112  10:24  Assimilator  
  115  10:31  Shield Battery  
  115  10:34  Photon Cannon  
  115  10:35  Probe x3  
  116  10:38  Photon Cannon  
  116  10:41  Pylon  
  118  10:44  Tempest (Chrono Boost)  
  118  10:47  Probe  
  124  11:00  Photon Cannon  
  124  11:04  Shield Battery  
  124  11:07  Twilight Council, Shield Battery  
  124  11:10  Shield Battery  
  124  11:13  Protoss Air Weapons Level 2 (Chrono Boost)  
  124  11:18  Gateway  
  124  11:33  Probe x4  
  128  11:40  Protoss Shields Level 2 (Chrono Boost)  
  128  11:42  Pylon  
  128  11:45  Probe x4, Pylon  
  132  11:48  Pylon  
  132  11:51  Pylon  
  132  11:53  Carrier (Chrono Boost)  
  138  11:55  Tempest (Chrono Boost)  
  138  11:57  Probe x2  
  145  12:18  Cybernetics Core  
  145  12:26  Void Ray x2 (Chrono Boost)  
  145  12:27  Void Ray (Chrono Boost)  
  157  12:49  Carrier (Chrono Boost)  
  163  12:55  Photon Cannon  
  163  12:56  Photon Cannon  
  163  12:57  Photon Cannon  
  163  13:00  Photon Cannon  
  163  13:04  Photon Cannon  
  163  13:05  Photon Cannon  
  163  13:06  Probe (Chrono Boost), Nexus  
  163  13:07  Shield Battery  
  163  13:09  Pylon  
  163  13:11  Assimilator  
  165  13:14  Probe (Chrono Boost)  
  165  13:15  Assimilator  
  165  13:17  Probe (Chrono Boost), Pylon  
  165  13:19  Void Ray (Chrono Boost)  
  166  13:20  Pylon  
  166  13:22  Probe (Chrono Boost)  
  166  13:25  Tempest (Chrono Boost)  
  167  13:33  Probe  
  183  13:35  Carrier (Chrono Boost)  
  183  13:40  Void Ray (Chrono Boost)  
  187  13:49  Protoss Air Armor Level 1  
  151  14:27  Phoenix x2 (Chrono Boost)  
  151  14:28  Mothership (Chrono Boost)  
  141  14:31  Phoenix (Chrono Boost)  
  141  14:34  Phoenix (Chrono Boost)  
  141  14:44  Phoenix x2 (Chrono Boost)  
  141  14:52  Phoenix  
  137  14:58  Tempest  
  142  15:07  Tempest (Chrono Boost)  
  142  15:08  Tempest (Chrono Boost)  
  152  15:19  Stargate  
  152  15:23  Stargate  
  152  15:25  Pylon  
  152  15:26  Pylon  
  148  15:28  Pylon  
  148  15:35  Stargate  
  148  15:37  Stargate  
  148  15:41  Stargate  
  148  15:47  Tempest (Chrono Boost)  
  163  15:52  Tempest x2 (Chrono Boost)  
  163  15:55  Tempest (Chrono Boost)  
  168  16:02  Anion Pulse-Crystals  
  168  16:14  Photon Cannon  
  168  16:15  Photon Cannon  
  168  16:18  Photon Cannon  
  168  16:20  Photon Cannon  
  168  16:21  Photon Cannon  
  168  16:24  Tempest x3, Shield Battery  
  183  16:26  Shield Battery  
  183  16:27  Tempest  
  183  16:30  Shield Battery  
  183  16:32  Shield Battery  
Show
View Real Time Build Order
Export as new Build Order

Massa Terran 

Build Orders:  

Get SALT Encoding   

  12  0:00  SCV  
  13  0:12  SCV  
  14  0:17  Supply Depot  
  14  0:24  SCV  
  15  0:38  SCV  
  15  0:39  Barracks  
  16  0:50  Refinery, SCV  
  17  0:59  Supply Depot  
  17  1:03  SCV  
  18  1:15  SCV  
  19  1:27  Marine  
  19  1:31  Orbital Command  
  20  1:34  Refinery  
  20  1:49  Reaper  
  21  2:17  SCV  
  21  2:19  Command Center  
  22  2:24  Factory  
  22  2:29  Barracks Reactor, SCV  
  23  2:43  SCV  
  24  2:49  Barracks  
  24  3:36  Factory Reactor  
  24  3:37  Starport  
  24  3:40  Orbital Command  
  24  3:41  SCV  
  25  3:45  Barracks Tech Lab, Marine x2  
  27  3:50  Engineering Bay  
  27  3:53  SCV  
  28  4:03  Marine x2  
  28  4:05  SCV  
  28  4:08  Marauder  
  28  4:09  Stimpack  
  32  4:15  Hellion  
  32  4:16  Hellion  
  36  4:21  Marine x2  
  36  4:22  Bunker  
  38  4:24  Bunker  
  38  4:30  Marauder  
  38  4:31  Liberator  
  40  4:37  Hellion  
  45  4:39  Marine  
  45  4:45  Supply Depot  
  46  4:46  Supply Depot  
  46  5:03  Command Center  
  46  5:06  SCV, Marine  
  50  5:11  Supply Depot  
  50  5:17  Medivac  
  50  5:25  SCV  
  50  5:26  SCV, Barracks  
  52  5:32  Factory Tech Lab  
  52  5:35  Marauder  
  54  5:36  Marine  
  54  5:38  SCV x2  
  54  5:52  Reaper  
  54  5:56  Marauder  
  45  6:15  Missile Turret  
  45  6:16  Missile Turret  
  45  6:18  Marauder  
  46  6:39  Missile Turret  
  46  6:47  Marine x3  
  46  6:50  Marine x2  
  50  7:05  SCV x2, Marine x3  
  50  7:08  Marine x2  
  53  7:17  SCV x2  
  55  7:23  Marine x2  
  55  7:29  SCV x2  
  59  7:31  Missile Turret  
  59  7:36  Missile Turret  
  59  7:41  SCV  
  57  8:06  SCV x2  
  57  8:07  Command Center  
  57  8:09  Marine x4  
  57  8:10  Marauder  
  57  8:11  Siege Tank  
  68  8:18  SCV x2  
  70  8:23  Starport Reactor  
  67  8:27  Marine  
  67  8:30  SCV x2  
  67  8:31  Refinery  
  67  8:32  Refinery  
  70  8:39  Supply Depot  
  70  8:42  Supply Depot  
  70  9:01  SCV x2, Marauder, Marine x4, Supply Depot  
  78  9:07  Missile Turret  
  78  9:11  Missile Turret  
  78  9:13  SCV x2  
  78  9:14  Siege Tank  
  78  9:16  Viking  
  85  9:18  Viking  
  85  9:19  Orbital Command, Marine x2  
  85  9:23  Marauder  
  91  9:25  SCV x2  
  91  9:29  Supply Depot  
  93  9:31  Supply Depot  
  93  9:35  Refinery  
  93  9:36  Combat Shield  
  93  9:37  SCV x2  
  93  9:38  Terran Infantry Armor Level 1  
  95  9:43  Armory  
  95  9:47  Factory  
  95  9:49  SCV x2  
  97  10:01  SCV  
  97  10:03  Viking x2  
  102  10:14  Refinery  
  102  10:16  Marine x3  
  102  10:19  Cyclone  
  108  10:22  Starport  
  108  10:27  Starport  
  108  10:33  Viking  
  110  10:40  Command Center  
  110  10:43  SCV x3  
  110  10:49  Viking  
  115  10:54  Terran Ship Weapons Level 1  
  115  10:55  SCV x3  
  115  10:56  Factory Reactor  
  118  11:00  Drilling Claws  
  118  11:03  Viking  
  120  11:10  Starport Reactor  
  120  11:13  Starport Reactor  
  120  11:16  SCV  
  120  11:17  SCV x2  
  123  11:19  Viking  
  125  11:26  Supply Depot  
  125  11:27  Supply Depot  
  125  11:34  Sensor Tower  
  125  11:45  Terran Infantry Armor Level 2  
  125  11:47  SCV x3, Viking  
  125  11:49  Viking  
  125  11:51  Engineering Bay, Supply Depot  
  125  11:52  Supply Depot  
  132  11:59  SCV x3  
  135  12:11  SCV x3, Missile Turret  
  135  12:15  Refinery  
  138  12:16  Supply Depot  
  138  12:17  Viking  
  138  12:18  Supply Depot  
  138  12:19  Widow Mine x3  
  138  12:21  Viking  
  148  12:23  Viking  
  148  12:24  SCV x3  
  148  12:29  Armory  
  153  12:32  Missile Turret  
  153  12:35  Viking  
  153  12:36  Viking  
  157  12:39  Supply Depot  
  157  12:41  Widow Mine x3, Planetary Fortress  
  157  12:42  Supply Depot  
  157  12:43  SCV x2  
  157  12:44  SCV  
  166  12:48  Terran Vehicle And Ship Armor Level 1  
  166  12:53  Viking  
  166  12:54  Viking, Missile Turret  
  166  12:55  SCV  
  166  12:56  SCV x2  
  173  13:05  Supply Depot  
  173  13:06  Viking x3  
  173  13:07  SCV  
  173  13:09  Supply Depot  
  180  13:16  Sensor Tower  
  180  13:19  Marauder, Marine x2  
  184  13:26  Barracks  
  184  13:27  Barracks  
  184  13:28  Barracks  
  184  13:32  Viking x2  
  184  13:33  Widow Mine  
  184  13:34  Widow Mine x2  
  192  13:41  Marauder  
  194  13:44  SCV x4  
  194  13:48  Refinery  
  198  13:49  Command Center  
  198  13:55  Widow Mine  
  170  14:28  Marauder  
  170  14:29  Marine x5  
  128  14:40  Siege Tank  
  128  14:45  Barracks Tech Lab  
  130  14:46  Marine  
  130  14:47  Marine  
  130  14:48  Barracks Reactor  
  130  14:50  Marauder  
  130  14:51  Viking x4  
  137  15:01  Medivac x2  
  141  15:11  Marauder  
  141  15:12  Siege Tank  
  146  15:21  Medivac  
  148  15:24  Supply Depot  
  148  15:33  Marauder  
  150  15:40  Widow Mine x2  
  154  15:44  Thor  
  154  15:48  Supply Depot  
  154  15:49  Planetary Fortress  
  160  15:54  Marauder  
  162  16:01  Widow Mine x2  
  166  16:05  SCV  
  166  16:06  SCV x3  
  170  16:12  Supply Depot  
  170  16:15  Viking x3  
  170  16:18  SCV x3  
  179  16:22  Widow Mine x2  
  183  16:27  Thor  
  183  16:30  Missile Turret  
  189  16:35  Missile Turret  
  163  16:43  Marauder x2  
  163  16:45  Marine x7  
  130  16:51  Viking x5  
  130  16:52  Missile Turret  
  140  16:55  Widow Mine  
  140  16:56  Widow Mine  
  144  17:02  Marine  
  144  17:03  Marine x6  
  144  17:05  Marauder x2  
Show
View Real Time Build Order
Export as new Build Order

qqq Protoss 

Build Orders: Cannon Rush, Carriers 

Get SALT Encoding   

  12  0:00  Probe  
  13  0:14  Pylon  
  13  0:18  Probe  
  14  0:31  Probe  
  15  0:43  Probe  
  15  0:48  Forge  
  16  0:53  Pylon  
  16  0:55  Probe  
  17  1:21  Photon Cannon  
  17  1:31  Photon Cannon  
  16  1:33  Photon Cannon  
  16  1:52  Gateway  
  16  1:53  Pylon  
  16  1:55  Probe  
  17  2:07  Probe  
  17  2:19  Nexus  
  17  2:26  Pylon  
  17  2:31  Probe  
  17  2:34  Assimilator  
  18  2:45  Photon Cannon  
  18  2:47  Photon Cannon  
  18  2:54  Photon Cannon  
  18  3:12  Probe  
  19  3:14  Cybernetics Core  
  19  3:24  Probe  
  20  3:28  Zealot  
  22  3:36  Probe  
  23  3:48  Probe  
  23  3:50  Assimilator  
  24  3:57  Photon Cannon  
  24  4:05  Probe  
  25  4:17  Probe  
  26  4:25  Stalker (Chrono Boost)  
  26  4:29  Probe (Chrono Boost)  
  29  4:33  Nexus  
  29  4:41  Probe (Chrono Boost)  
  30  4:50  Probe (Chrono Boost)  
  30  5:05  Assimilator  
  30  5:06  Stargate  
  30  5:08  Probe (Chrono Boost), Assimilator  
  31  5:20  Probe (Chrono Boost)  
  32  5:26  Probe (Chrono Boost)  
  33  5:29  Stargate  
  33  5:35  Probe (Chrono Boost)  
  34  5:46  Probe (Chrono Boost)  
  35  5:51  Probe (Chrono Boost)  
  35  5:54  Robotics Facility  
  36  6:01  Probe  
  36  6:03  Probe  
  38  6:08  Oracle  
  41  6:15  Probe  
  32  6:27  Probe  
  33  6:39  Probe  
  34  6:45  Observer  
  34  6:46  Nexus  
  35  6:51  Probe  
  34  7:24  Phoenix  
  36  7:39  Probe  
  37  7:44  Phoenix  
  39  7:59  Probe  
  39  8:03  Probe  
  41  8:11  Probe  
  42  8:15  Probe  
  42  8:16  Phoenix  
  45  8:23  Probe (Chrono Boost)  
  47  8:28  Probe (Chrono Boost)  
  48  8:35  Probe (Chrono Boost)  
  48  8:37  Probe (Chrono Boost), Protoss Air Weapons Level 1  
  48  8:40  Probe (Chrono Boost), Phoenix  
  52  8:42  Probe (Chrono Boost)  
  53  8:49  Probe  
  53  8:52  Pylon  
  54  9:10  Probe x2, Phoenix, Pylon  
  54  9:15  Fleet Beacon  
  58  9:22  Probe x2  
  60  9:31  Phoenix  
  62  10:01  Tempest x2 (Chrono Boost)  
  62  10:06  Probe, Pylon  
  70  10:07  Pylon  
  70  10:23  Nexus  
  70  10:30  Pylon  
  70  10:33  Pylon  
  70  10:35  Tempest (Chrono Boost)  
  70  10:36  Tempest (Chrono Boost)  
  80  10:44  Pylon  
  80  10:50  Pylon  
  80  11:13  Tempest (Chrono Boost)  
  80  11:15  Tempest (Chrono Boost)  
  80  11:17  Nexus  
  91  11:18  Probe  
  91  11:26  Stargate  
  91  11:27  Protoss Air Armor Level 1  
  91  11:30  Probe  
  92  11:36  Observer, Photon Cannon  
  92  11:40  Stargate  
  92  11:42  Probe  
  92  11:44  Photon Cannon  
  92  11:54  Probe  
  92  11:56  Observer  
  92  12:01  Void Ray  
  94  12:03  Probe (Chrono Boost)  
  99  12:10  Tempest  
  99  12:13  Assimilator  
  99  12:15  Probe (Chrono Boost)  
  105  12:17  Assimilator  
  105  12:24  Probe (Chrono Boost)  
  105  12:29  Probe  
  107  12:38  Pylon  
  107  12:39  Tempest  
  107  12:41  Probe (Chrono Boost)  
  113  12:44  Nexus  
  113  12:46  Pylon  
  113  12:49  Pylon  
  113  12:53  Probe (Chrono Boost)  
  114  12:58  Tempest  
  114  13:00  Probe (Chrono Boost)  
  120  13:07  Probe  
  121  13:19  Probe, Carrier  
  128  13:32  Probe  
  129  13:37  Photon Cannon  
  129  13:38  Protoss Air Weapons Level 2  
  126  13:44  Probe  
  104  14:01  Carrier x2  
  116  14:27  Carrier  
  106  15:05  Tempest, Carrier  
  117  15:28  Shield Battery  
  117  15:31  Tempest  
  122  15:47  Nexus  
  122  15:48  Carrier  
  128  15:54  Stargate  
  128  15:55  Stargate  
  128  16:07  Observer  
  128  16:09  Tempest  
  128  16:10  Pylon  
  134  16:14  Phoenix, Pylon  
  134  16:16  Pylon  
  136  16:18  Pylon  
  136  16:20  Pylon  
  136  16:27  Nexus  
  136  16:38  Pylon  
  136  16:39  Phoenix  
  138  16:40  Pylon  
  138  16:43  Pylon  
  138  16:50  Photon Cannon  
  138  16:52  Phoenix  
  138  16:53  Photon Cannon  
Tags
 
Add a new tag
Caveats
  • Supply blocks, unpowered buildings, or Contaminate may cause inaccurate times.
  • Supply counts are checked every 10 seconds.